 Dungeon Crawl Stone Soup version 0.32-a0-913-g739538afd8 (webtiles) character file.

Game seed: 3628067952172844877

763 spaghetti the Slasher (level 7, -4/62 HPs)
             Began as a Naga Chaos Knight on Apr 9, 2024.
             Was a Plaything of Xom.
             Engulfed by a cloud of flame (18 damage)
             ... on level 4 of the Dungeon.
             The game lasted 00:04:53 (2779 turns).

spaghetti the Slasher (Naga Chaos Knight)           Turns: 2779, Time: 00:04:53

Health: -4/62      AC: 10    Str: 18    XL:     7   Next: 81%
Magic:  7/7        EV: 10    Int:  9    God:    Xom [...*..]
Gold:   203        SH:  0    Dex: 12    Spells: 6/6 levels left

rFire   . . .        a - +1 falchion (elec)
rCold   . . .        (no shield)
rNeg    . . .        b - +3 leather armour
rPois   +            (helmet restricted)
rElec   .            s - +0 cloak
rCorr   .            (no gloves)
SInv    +            (no barding)
Will    .....        m - amulet of faith
Stlth   +            (no ring)
HPRegen 1.10/turn    (no ring)
MPRegen 0.10/turn

%: faith
@: short of breath, attractive, very slow
A: AC +2, large, see invisible, deformed body, poison resistance, slowness 2,
spit poison 2, naga tail 1, fangs 1, horns 1, iridescent scales 1, dopey 1,
regeneration 1, strong 1, sturdy frame 1
a: Breathe Poison Gas, Renounce Religion


You were on level 4 of the Dungeon.
You worshipped Xom.
You were a favourite toy of Xom.
You visited 1 branch of the dungeon, and saw 5 of its levels.

You collected 203 gold pieces.

Inventory:

Hand Weapons
 a - a +1 falchion of electrocution (weapon)
 e - a +0 dagger of venom
 f - the +1 sling of the Gnashing Badger {drain, *Corrode rPois SInv}
   (You found it on level 2 of the Dungeon)

   rPois:     It protects you from poison.
   SInv:      It lets you see invisible.
   *Corrode:  It may corrode you when you take damage.
Missiles
 u - 2 throwing nets
Armour
 b - a +3 leather armour (worn)
 s - a +0 cloak (worn)
Jewellery
 g - an amulet of reflection
 h - an amulet of the acrobat
 m - an amulet of faith (around neck)
 n - an amulet of regeneration
Scrolls
 c - 2 scrolls of butterflies
 i - a scroll of vulnerability
 j - 3 scrolls of teleportation
 k - a scroll of enchant weapon
 o - a scroll of blinking
Potions
 d - 2 potions of invisibility
 p - a potion of lignification
 q - 2 potions of degeneration {unknown}


   Skills:
 - Level 3.0 Fighting
 - Level 7.1 Long Blades
 - Level 1.5 Armour
 + Level 4.4 Dodging


You had 6 spell levels left.
You didn't know any spells.
Your spell library was empty.

Dungeon Overview and Level Annotations

Branches:
Dungeon (5/15)             Temple (0/1) D:4

Altars:
Ashenzari
Zin
The Shining One

Annotations:
D:4 Pikel


Innate Abilities, Weirdness & Mutations

Your serpentine skin is tough. (AC +2)
You have supernaturally acute eyesight. (SInv)
Armour fits poorly on your strangely shaped body.
Your system is resistant to poisons. (rPois)
You cover ground very slowly.
You can exhale a cloud of poison.
You have a snake-like lower body.
You have very sharp teeth.
You have a pair of small horns on your head.
You are partially covered in iridescent scales. (AC +2)
You are dopey. (Int -2)
Your natural rate of healing is unusually fast.
Your muscles are strong. (Str +4, Int/Dex -1)
Your movements are slightly less encumbered by armour. (ER -2)


Message History

There is an open door here.
Pikel is attracted toward you. The lemure is attracted toward you.
Aiming: Breathe Poison Gas (5% risk of failure)
Press: ? - help, Shift-Dir - straight line, f - sleepcap
Aim: a sleepcap (inner flame, 100% to hit)
You exhale a blast of poison gas.
The poison gas engulfs the phantom.
The phantom completely resists.
The phantom hits you.
The phantom blinks!
You blink.
The sleepcap is attracted toward you. The lemure is attracted toward you.
Pikel is attracted toward you.
Unknown command.
Unknown command.
You hit the sleepcap.
Flame seeps out of the sleepcap.
Lightning courses through the sleepcap!
Flame seeps out of the sleepcap.
The sleepcap is severely damaged.
The phantom hits you. The sleepcap closely misses you.
The lemure is engulfed in poison gas.
The lemure is poisoned.
Pikel is engulfed in poison gas.
Pikel is poisoned.
Pikel is attracted toward you.
Unknown command.
Unknown command.
You hit the sleepcap.
Flame seeps out of the sleepcap.
The sleepcap is severely damaged.
The phantom hits you. The sleepcap barely misses you.
The lemure looks even sicker.
Pikel is engulfed in poison gas.
Pikel looks even sicker.
Pikel is attracted toward you.
Unknown command.
Unknown command.
You hit the sleepcap.
Flame seeps out of the sleepcap.
Lightning courses through the sleepcap!
The sleepcap explodes!
The fiery explosion engulfs the phantom!!
The phantom is almost destroyed.
The fiery explosion engulfs Pikel!!
Pikel is severely wounded.
Your attack snaps Pikel out of his fear.
The fiery explosion engulfs you!!
* * * LOW HITPOINT WARNING * * *
You are engulfed in blazing flames.
You die...
Xom laughs nastily!

....#.....#.....§...# #.....
....#.....#.........# #.....
....#.....#....>....# #.....
....#.....#......°..# #.....
.##.####..#.....°...########.....
###.#####'######°#...............
#....#.......5§K#...............
#....#........W§#...............
#....#........§@#...............
#....#..........#...............
#....#..........#...............
#....#..........#)..............
#....#..........#)>).(..........
####..#######'####.).............
...#..##.#.........##############
...#.....#.........#
...).....#..†......#


You could see Pikel (very poisoned), a lemure (fleeing, very poisoned) and a
phantom.

Vanquished Creatures
  Prince Ribbit (D:5)
  A black bear (D:4)
  2 scorpions
  2 hounds
  2 sleepcaps (D:4)
  An iguana (D:4)
  2 gnoll boudas (D:4)
  8 gnolls (D:4)
  5 adders
  A shadow imp (D:5)
  A white imp (D:3)
  7 dart slugs
  2 orcs (D:4)
  6 ball pythons
  4 endoplasms
  7 giant cockroaches
  7 hobgoblins
  17 jackals
  8 kobolds
  2 quokkas
  3 bats
  2 frilled lizards (D:2)
  12 goblins
  6 rats
109 creatures vanquished.

Vanquished Creatures (others)
  A bombardier beetle (D:4)
  A gnoll (D:5)
2 creatures vanquished.

Grand Total: 111 creatures vanquished

Notes
Turn   | Place    | Note
-------+----------+-------------------------------------------
     0 | D:1      | spaghetti the Naga Chaos Knight began the quest for the
                  | Orb.
     0 | D:1      | Reached XP level 1. HP: 21/21 MP: 1/1
     8 | D:1      | XOM: potion effect (curing)
    17 | D:1      | XOM: silly message
    34 | D:1      | Reached XP level 2. HP: 17/28 MP: 2/2
   197 | D:1      | XOM: potion effect (haste)
   210 | D:1      | Reached skill level 4 in Long Blades
   250 | D:1      | XOM: divination: detect items
   329 | D:1      | Reached XP level 3. HP: 34/34 MP: 3/3
   369 | D:2      | Identified the +1 sling of the Gnashing Badger {drain,
                  | *Corrode rPois SInv}
   669 | D:1      | Found a faded altar of an unknown god.
   676 | D:1      | XOM: divination: detect creatures
   859 | D:2      | Reached XP level 4. HP: 42/42 MP: 4/4
  1005 | D:2      | Reached skill level 5 in Long Blades
  1031 | D:2      | XOM: divination: detect items
  1106 | D:2      | XOM: silly message
  1357 | D:2      | XOM is BORED!
  1357 | D:2      | XOM: give mutations
  1357 | D:2      | Gained mutation: You have very sharp teeth. [Xom's
                  | mischief]
  1357 | D:2      | Gained mutation: Your natural rate of healing is unusually
                  | fast. [Xom's mischief]
  1357 | D:2      | Gained mutation: You are dopey. (Int -2) [Xom's mischief]
  1437 | D:3      | XOM: 4-stop teleportation journey
  1520 | D:3      | Reached XP level 5. HP: 49/49 MP: 5/5
  1800 | D:3      | XOM: summons 3 hostile shadow creatures
  1809 | D:3      | XOM: scenery: 1 doors close
  1845 | D:4      | XOM: 1-stop teleportation journey
  1867 | D:4      | XOM: enchant monster (good)
  1884 | D:4      | Reached skill level 6 in Long Blades
  1886 | D:4      | XOM: cleaving
  1890 | D:4      | XOM: summons friendly shadow imp
  1905 | D:4      | Reached XP level 6. HP: 35/56 MP: 6/6
  1911 | D:4      | XOM: give mutations
  1911 | D:4      | Gained mutation: You can exhale a cloud of poison. [Xom's
                  | grace]
  1911 | D:4      | Gained mutation: Your muscles are strong. (Str +4, Int/Dex
                  | -1) [Xom's grace]
  1941 | D:4      | Reached skill level 7 in Long Blades
  1946 | D:4      | Found a staircase to the Ecumenical Temple.
  1964 | D:4      | Found a glowing silver altar of Zin.
  1967 | D:4      | Found a broken altar of Ashenzari.
  2013 | D:4      | XOM: scenery: 1 doors open, 1 doors close
  2149 | D:4      | Found a glowing golden altar of the Shining One.
  2161 | D:4      | XOM: scenery: 1 doors close
  2179 | D:4      | Reached skill level 1 in Dodging
  2250 | D:4      | XOM: scenery: 2 fountains blood, 1 doors close
  2266 | D:4      | XOM: cloud trail
  2409 | D:4      | Noticed a black bear
  2414 | D:4      | Killed a black bear
  2415 | D:4      | Reached XP level 7. HP: 62/62 MP: 7/7
  2534 | D:4      | XOM: give mutations
  2534 | D:4      | Gained mutation: You have a pair of small horns on your
                  | head. [Xom's grace]
  2534 | D:4      | Gained mutation: You are partially covered in iridescent
                  | scales. (AC +2) [Xom's grace]
  2534 | D:4      | Gained mutation: Your movements are slightly less
                  | encumbered by armour. (ER -2) [Xom's grace]
  2569 | D:5      | Entered Level 5 of the Dungeon
  2571 | D:5      | XOM: summons friendly shadow imp
  2571 | D:5      | Noticed Prince Ribbit
  2574 | D:4      | XOM: god gift: +7 shortbow of chaos
  2592 | D:4      | XOM: god gift: cloak {god gift}
  2708 | D:5      | XOM: destruction
  2709 | D:5      | XOM: scenery: summon butterflies
  2719 | D:5      | XOM: potion effect (attraction)
  2731 | D:5      | XOM: summons 2 friendly demons
  2733 | D:5      | XOM: enchant monster (bad)
  2736 | D:5      | Killed Prince Ribbit
  2755 | D:5      | XOM: silly message
  2763 | D:5      | Noticed Pikel
  2767 | D:5      | XOM: silly message
  2779 | D:4      | Engulfed by a cloud of flame

Illustrated notes

Levels and vault maps discovered:
D:1:      spicycebolla_green_bress_n_ham, layout_rooms, serial_curves,
          eino_curves_02, eino_curves_01, eino_curves_02, eino_curves_02,
          hellmonk_ecumenical_altar_pennies_from_heaven
D:2:      layout_basic, hex_medium, minmay_pentomino_x4
D:3:      layout_basic
D:4:      layout_gridville, tso_altar, nicolae_overflow_squiral,
          temple_fountains
D:5:      layout_layer_cave, portal_sewer_entry_f,
          gammafunk_ghost_nasty_kobolds, uniq_prince_ribbit1, uniq_pikel,
          uniq_menkaure

Skill      XL: |  1  2  3  4  5  6  7 |
---------------+----------------------+-----
Long Blades    | 4 5 6 7 |  7.1
Dodging        | 2 4 |  4.4
Fighting       | |  3.0
Armour         | |  1.5

Action                     |  1- 3 |  4- 6 |  7- 9 || total
---------------------------+-------+-------+-------++-------
  Melee: Falchion          |    50 |   104 |    31 ||   185
         Dagger            |    66 |    56 |       ||   122
         Bite              |       |    13 |     1 ||    14
         Headbutt          |       |       |     5 ||     5
Ability: Spit Poison       |    12 |    23 |       ||    35
         Breathe Poison Ga |       |     8 |     5 ||    13
    Use: Scroll            |     1 |     9 |     3 ||    13
         Potion            |       |     2 |       ||     2
   Stab: Invisible         |       |     5 |       ||     5
         Distracted        |       |       |     1 ||     1
 Armour: Leather armour    |   107 |   120 |    44 ||   271
         Skin              |       |    44 |       ||    44
  Dodge: Dodged            |    74 |    88 |    27 ||   189
  Block: Other             |       |     2 |       ||     2

Table legend: (Time is in decaauts)
 A = Elapsed time spent in this place.
 B = Non-inter-level travel time spent in this place.
 C = Inter-level travel time spent in this place.
 D = Time resting spent in this place.
 E = Time spent auto-exploring this place.
 F = Levels seen in this place.
 G = Mean time per level.
                   A        B        C        D        E       F      G
               +--------+--------+--------+--------+--------+-----+--------+
         Total |   3467 |   3366 |    101 |    236 |   2409 |   5 |  693.4 |
       Dungeon |   3467 |   3366 |    101 |    236 |   2409 |   5 |  693.4 |
               +--------+--------+--------+--------+--------+-----+--------+

Top non-repeatable levels by time:
     D:4: 1109 daAuts
     D:2: 923 daAuts
     D:1: 827 daAuts
     D:3: 531 daAuts
     D:5: 75 daAuts
